 Dungeon Crawl Stone Soup version 0.30.0-29-ga12c61a403 (webtiles) character file.

Game seed: 12574878154323738227

105 qw the Chopper (level 4, -4/28 HPs)
             Began as a Gargoyle Fighter on June 3, 2023.
             Slain by a cerulean imp
             ... wielding a +1 spear
             ... summoned by Natasha
              (5 damage)
             ... on level 2 of the Dungeon.
             The game lasted 00:01:11 (2242 turns).

qw the Chopper (Gargoyle Fighter)                   Turns: 2242, Time: 00:01:12

Health: -4/28      AC: 10    Str: 24 (27) XL:     4   Next: 83%
Magic:  4/4        EV:  9    Int:  8 (9)  God:
Gold:   99         SH:  4    Dex:  6 (9)  Spells: 3/3 levels left

rFire   . . .        Y - +0 broad axe
rCold   . . .        c - +0 buckler
rNeg    + . .        b - +0 scale mail
rPois   inf          (no helmet)
rElec   +            (no cloak)
rCorr   .            (no gloves)
SInv    .            (no boots)
Will    .....        (no amulet) Stlth
                     k - +6 ring of strength
HPRegen 0.24/turn    (no ring)
MPRegen 0.09/turn

%: no passive effects
@: slowed, very slow
A: sickness immunity, AC +3, negative energy resistance 1, electricity
resistance, torment resistance 1, petrification resistance
a: no special abilities


You were on level 2 of the Dungeon.
You visited 1 branch of the dungeon, and saw 2 of its levels.

You collected 99 gold pieces.


Innate Abilities, Weirdness & Mutations

You are immune to sickness and miasma.
Your stone body is resilient. (AC +3)
You are immune to poison.
You resist negative energy. (rN+)
You are resistant to electric shocks. (rElec)
You are resistant to unholy torment.
You are immune to petrification.


   Skills:
 - Level 3.2 Fighting
 + Level 4.4 Axes
 - Level 3.2 Armour
 - Level 3.2 Shields


You had 3 spell levels left.
You didn't know any spells.
Your spell library was empty.

Inventory:

Hand Weapons
 i - a +0 club
 Y - a +0 broad axe (weapon)
Missiles
 o - 3 boomerangs of dispersal (quivered)
Armour
 b - a +0 scale mail (worn)
 c - a +0 buckler (worn)
Jewellery
 e - a ring of fire
 k - a +6 ring of strength (left hand)
Scrolls
 g - a scroll of identify
Potions
 d - a potion of might
 j - a potion of curing
 n - a potion of invisibility {unknown}

Dungeon Overview and Level Annotations

Branches:
Dungeon (2/15)

Altars:

Annotations:
D:2 Natasha


Message History

The puff of flame hits you but does no damage.
The cerulean imp closely misses you.
Natasha zaps a wand.
You block the puff of flame.
The cerulean imp hits you with a +0 spear.
You closely miss the cerulean imp. You block the cerulean imp's attack.
The cerulean imp misses you. Natasha claws you!
You barely miss the cerulean imp. You completely miss Natasha.
You feel a little less clever now.
The cerulean imp hits you but does no damage.
Natasha misses you.
The cerulean imp hits you but does no damage.
Natasha casts a spell.
You slash the cerulean imp!
The cerulean imp is almost dead.
You hit Natasha.
The cerulean imp hits you but does no damage.
Natasha claws you.
The cerulean imp hits you but does no damage. x2
Natasha claws you.
The cerulean imp hits you from afar with a +1 spear.
The cerulean imp hits you but does no damage.
You hit the cerulean imp.
You kill the cerulean imp!
The cerulean imp disappears in a puff of smoke!
You closely miss Natasha. Natasha casts a spell at you.
The magic dart hits you.
The cerulean imp hits you but does no damage.
Natasha casts a spell.
You block the cerulean imp's attack.
Natasha stares at you and mumbles some strange words.
You feel as though you will be slow longer.
You slash Natasha!
Natasha is almost dead.
The cerulean imp hits you but does no damage.
The cerulean imp hits you from afar with a +1 spear.
Natasha drinks a potion.
Natasha is healed!
The cerulean imp hits you from afar with a +1 spear.
You die...

#...........#...##...#.##.# #.#
#####.##.#.............##.###.#
#.##.......###...#........#
##.########.# ##.#####.#####
####.#.## ##'## ### #.# #...###.#
##...## #.# #.##.#.## ##....5##
#####.##### #.##..##
##...h>..###......^..#
###.#...####....@....##.#...###.#
...........'......5..'......<##.#
##......####.........##.#...###.#
#.#.#..## ##.......###.##..###.#
##...### ##.....## #...%.....#
##.## ##...## #####.##### #.#
##'## #.# #.# #.### #.# #.#
#####.#.## #.#


You could see Natasha and 2 cerulean imps.

Vanquished Creatures
  Natasha (D:2)
  2 adders (D:2)
  4 endoplasms
  11 giant cockroaches
  4 goblins
  9 hobgoblins
  2 quokkas (D:1)
  4 ball pythons
  5 bats
  A frilled lizard (D:2)
  8 kobolds
  7 rats
58 creatures vanquished.

Notes
Turn   | Place    | Note
-------+----------+-------------------------------------------
     0 | D:1      | qw the Gargoyle Fighter began the quest for the Orb.
     0 | D:1      | Reached XP level 1. HP: 14/14 MP: 1/1
     0 | D:1      | 0 ||| qw: Version: 0.2-a-103-g5a998e5
     0 | D:1      | 0 ||| qw: Game counter: 1120
     0 | D:1      | 0 ||| qw: Always use a shield: true
     0 | D:1      | 0 ||| qw: God list: Okawaru
     0 | D:1      | 0 ||| qw: Allow faded altars: false
     0 | D:1      | 0 ||| qw: Do Orc after D:15 true
     0 | D:1      | 0 ||| qw: Do second Lair branch before Depths: true
     0 | D:1      | 0 ||| qw: Lair rune preference: random
     0 | D:1      | 0 ||| qw: Plans: Normal, Zot:1-4, Slime:5, God:TSO, Crypt,
                  | Tomb, Pan, Hells, Abyss, Win
     0 | D:1      | 0 ||| PLANNING D:1-11
    67 | D:1      | Reached skill level 2 in Axes
    84 | D:1      | 84 ||| Stepping ~*~*~tactically~*~*~ (stealth).
    85 | D:1      | 85 ||| Stepping ~*~*~tactically~*~*~ (stealth).
    86 | D:1      | 86 ||| Stepping ~*~*~tactically~*~*~ (stealth).
    91 | D:1      | 91 ||| Stepping ~*~*~tactically~*~*~ (stealth).
   151 | D:1      | Reached XP level 2. HP: 19/19 MP: 2/2
   151 | D:1      | 151 ||| Stepping ~*~*~tactically~*~*~ (stealth).
   164 | D:1      | 164 ||| Stepping ~*~*~tactically~*~*~ (hiding).
   165 | D:1      | 165 ||| Stepping ~*~*~tactically~*~*~ (hiding).
   507 | D:1      | 507 ||| Stepping ~*~*~tactically~*~*~ (stealth).
   539 | D:1      | 539 ||| Stepping ~*~*~tactically~*~*~ (stealth).
   567 | D:1      | Reached skill level 3 in Axes
   615 | D:1      | Reached XP level 3. HP: 20/23 MP: 3/3
   788 | D:1      | 788 ||| Stepping ~*~*~tactically~*~*~ (stealth).
   789 | D:1      | 789 ||| Stepping ~*~*~tactically~*~*~ (stealth).
   878 | D:1      | 878 ||| UPGRADING to +6 ring of strength.
   879 | D:1      | 879 ||| READING scroll labelled MEDAER YTAAFAI.
   880 | D:1      | 880 ||| READING scroll labelled KIW YGOQAUFFAR.
   881 | D:1      | 881 ||| READING scroll labelled LAALLU JAUTE.
   882 | D:1      | 882 ||| READING scroll labelled FEBBIOSUSS.
   883 | D:1      | 883 ||| READING scroll labelled MOZIEH TOACK.
   884 | D:1      | 884 ||| DRINKING 2 smoky blue potions.
   885 | D:1      | 885 ||| DROPPING potion of flight.
  1255 | D:2      | Reached XP level 4. HP: 28/28 MP: 4/4
  1335 | D:2      | 1335 ||| Stepping ~*~*~tactically~*~*~ (stealth).
  1360 | D:2      | 1360 ||| Stepping ~*~*~tactically~*~*~ (stealth).
  1372 | D:2      | 1372 ||| SWAPPING to +0 broad axe.
  1373 | D:2      | 1373 ||| DROPPING +0 war axe.
  1391 | D:2      | 1391 ||| Stepping ~*~*~tactically~*~*~ (hiding).
  1628 | D:2      | 1628 ||| Stepping ~*~*~tactically~*~*~ (stealth).
  1710 | D:2      | Found a faded altar of an unknown god.
  1738 | D:2      | Noticed Natasha
  1739 | D:2      | 1739 ||| Stepping ~*~*~tactically~*~*~ (hiding).
  1742 | D:2      | Killed Natasha
  1743 | D:2      | Reached skill level 4 in Axes
  2191 | D:2      | 2191 ||| READING scroll labelled VONEV QACASOXEHOMN.
  2192 | D:2      | 2192 ||| READING 4 scrolls labelled KYEWUET ADGHEIG.
  2193 | D:2      | 2193 ||| DRINKING 2 emerald potions.
  2194 | D:2      | 2194 ||| DRINKING 3 glowing amethyst potions.
  2195 | D:2      | 2195 ||| READING 2 scrolls of identify.
  2195 | D:2      | 2195 ||| IDENTIFYING smoky cyan potion
  2196 | D:2      | 2196 ||| DROPPING potion of degeneration.
  2197 | D:2      | 2197 ||| DROPPING 2 potions of brilliance.
  2198 | D:2      | 2198 ||| DROPPING 3 scrolls of blinking.
  2232 | D:2      | Noticed Natasha
  2241 | D:2      | HP: 3/28 [Natasha/magic dart (6)]
  2242 | D:2      | HP: 1/28 [cerulean imp/+1 spear[Natasha] (3)]
  2242 | D:2      | Slain by a cerulean imp

Levels and vault maps discovered:
D:1:      giann_horns, layout_basic, minmay_misc_feat_enclosed
D:2:      minmay_roachtagon, layout_loops_corners,
          shapermc_ecumenical_altar_totnotflames, uniq_natasha

Skill      XL: |  1  2  3  4 |
---------------+-------------+-----
Axes           | 2 3 4 |  4.4
Fighting       | |  3.2
Armour         | |  3.2
Shields        | |  3.2

Action                     |  1- 3 |  4- 6 || total
---------------------------+-------+-------++-------
  Melee: War axe           |   118 |     8 ||   126
         Broad axe         |       |    53 ||    53
    Use: Scroll            |     5 |     3 ||     8
         Potion            |     1 |     2 ||     3
 Armour: Scale mail        |    43 |    47 ||    90
  Dodge: Dodged            |    54 |    38 ||    92
  Block: Buckler           |    19 |    16 ||    35

Table legend:
 A = Non-vault XP
 B = Vault XP
 C = Vault XP percentage of total XP
 D = Non-vault monster count
 E = Vault monster count
 F = Vault count percentage of total count
                 A         B        C        D         E       F
            +---------+---------+-------+---------+---------+-------
      Total |      96 |      55 |  36.4 |      47 |      11 |  19.0
            +---------+---------+-------+---------+---------+-------
        D:1 |      46 |       0 |   0.0 |      28 |       0 |   0.0
        D:2 |      50 |      55 |  52.4 |      19 |      11 |  36.7
            +---------+---------+-------+---------+---------+-------
